 Dungeon Crawl Stone Soup version 0.31-a0-848-gaac375c287 (webtiles) character file.

Game seed: 11703300132634877057

588 TheGamechu the Sneak (level 7, 0/36 HPs)
             Began as a Kobold Enchanter on Oct 4, 2023.
             Killed from afar by a white imp (8 damage)
             ... with a puff of frost
             ... on level 5 of the Dungeon.
             The game lasted 00:16:52 (5246 turns).

TheGamechu the Sneak (Kobold Enchanter)             Turns: 5246, Time: 00:16:53

Health: 0/36       AC:  3    Str:  6    XL:     7   Next: 65%
Magic:  10/10      EV: 17    Int: 16    God:
Gold:   206        SH:  0    Dex: 17    Spells: 8/10 levels left

rFire   . . .        k - +2 dagger (drain)
rCold   . . .        e - orb {guile}
rNeg    + . .        t - +1 robe {rN+}
rPois   .            (no helmet)
rElec   .            (no cloak)
rCorr   +            (no gloves)
SInv    .            (no boots)
Will    .....        (no amulet)
Stlth   +++++        m - ring of resist corrosion
HPRegen 0.26/turn    (no ring)
MPRegen 0.12/turn

%: no passive effects
@: no status effects
A: small, no large weapons, nightstalker 3
a: no special abilities


You were on level 5 of the Dungeon.
You visited 1 branch of the dungeon, and saw 5 of its levels.

You collected 206 gold pieces.

Inventory:

Hand Weapons
 k - a +2 dagger of draining (weapon)
 o - a +1 short sword of flaming
Missiles
 f - 5 curare-tipped darts
 q - 2 datura-tipped darts
Armour
 e - an orb of guile (worn)
 t - a +1 robe of positive energy (worn)
Jewellery
 m - a ring of resist corrosion (left hand)
Wands
 v - a wand of flame (3)
Scrolls
 b - a scroll of immolation {unknown}
 g - a scroll of revelation {unknown}
 l - a scroll of butterflies
 r - a scroll of blinking {unknown}
 s - a scroll of enchant armour {unknown}
Potions
 a - 3 potions of cancellation {unknown}
 c - a potion of invisibility
 d - 3 potions of heal wounds
 h - 3 potions of curing
 i - a potion of attraction {unknown}
 j - 3 potions of berserk rage {unknown}
 n - a potion of resistance {unknown}
 p - 2 potions of magic {unknown}
 u - a potion of ambrosia {unknown}
 w - a potion of mutation {unknown}


   Skills:
 + Level 5.6 Short Blades
 + Level 5.6 Dodging
 + Level 7.8 Stealth
 - Level 2.1 Spellcasting
 - Level 3.0 Hexes


You had 8 spell levels left.
You knew the following spells:

 Your Spells              Type           Power      Damage    Failure   Level
a - Ensorcelled Hibernat  Hex/Ice        12%        N/A       17%         2

Your spell library contained the following spells:

 Spells                   Type           Power      Damage    Failure   Level
 Jinxbite                 Hex            22%        N/A       9%          2
 Confusing Touch          Hex            11%        N/A       19%         3
 Tukima's Dance           Hex            11%        N/A       19%         3
 Dazzling Flash           Conj/Hex       12%        N/A       32%         3
 Anguish                  Hex/Necr       3%         N/A       73%         4
 Haunt                    Necr/Summ      0%         N/A       100%        7
 Borgnjor's Revivificati  Necr           0%         N/A       100%        8
 Death's Door             Necr           0%         N/A       100%        9


Dungeon Overview and Level Annotations

Branches:
Dungeon (5/15)
 Temple: D:4-7

Altars:
Qazlal

Annotations:
D:3 3 runed translucent doors, ratmeat3's ghost, amateur OpFi


Innate Abilities, Weirdness & Mutations

You are small and have problems with some larger weapons.
You are completely attuned to the shadows.


Message History

The white imp hits you but does no damage.
You hit the white imp but do no damage.
The white imp is moderately wounded.
You hit the white imp but do no damage.
The white imp is moderately wounded.
The white imp hits you. The white imp freezes you.
You hit the white imp but do no damage.
The white imp is moderately wounded.
The white imp barely misses you.
You hit the white imp.
The white imp is heavily wounded.
You hit the white imp but do no damage.
The white imp is heavily wounded.
The white imp misses you.
You hit the white imp but do no damage.
The white imp is heavily wounded.
The white imp closely misses you.
You hit the white imp but do no damage.
The white imp is heavily wounded.
The white imp gestures at you. The puff of frost hits you!
You hit the white imp.
The white imp is heavily wounded.
You hit the white imp but do no damage.
The white imp is heavily wounded.
The white imp gestures at you. The puff of frost hits you.
You closely miss the white imp.
The white imp is heavily wounded.
The white imp completely misses you.
You closely miss the white imp.
The white imp is heavily wounded.
The white imp attacks as it pursues you!
The white imp closely misses you. The white imp gestures at you.
The puff of frost hits you!
* * * LOW HITPOINT WARNING * * *
The white imp gestures at you. The puff of frost hits you!
You die...

######### ##...)...# #
######........# ###
######.[...........#
..########.......####.......#
%................# #........#
#.##########..#..###........#
#.#### ##.<##..##.........#
.....#####......@..5.....####
..................#...#.##
.....###..............#.#
..#####..######.......#.#
#.## ##.## #..#......#
#..###..# ##..#..##..#
...)...## #...#.##...#
......## ##.....#..#.##
......# ##......#.##..#


You could see a white imp.

Vanquished Creatures
  Duvessa (D:4)
  A sky beast (D:4)
  Dowan (D:4)
  2 hounds
  A jelly (D:5)
  An orc priest (D:5)
  A gnoll bouda (D:5)
  An iguana (D:4)
  An orc wizard (D:5)
  3 gnolls
  2 adders (D:2)
  An ufetubus (D:5)
  9 orcs
  7 ball pythons
  3 endoplasms
  7 giant cockroaches
  10 goblins
  6 hobgoblins
  5 jackals
  7 kobolds
  6 quokkas
  4 bats
  2 frilled lizards
  7 rats
89 creatures vanquished.

Notes
Turn   | Place    | Note
-------+----------+-------------------------------------------
     0 | D:1      | TheGamechu the Kobold Enchanter began the quest for the
                  | Orb.
     0 | D:1      | Reached XP level 1. HP: 10/10 MP: 3/3
   301 | D:1      | Reached XP level 2. HP: 15/15 MP: 5/5
   304 | D:1      | Learned a level 2 spell: Ensorcelled Hibernation
  1055 | D:1      | Reached XP level 3. HP: 19/19 MP: 6/6
  1299 | D:2      | Reached skill level 5 in Stealth
  1311 | D:2      | Found a faded altar of an unknown god.
  1890 | D:2      | Reached XP level 4. HP: 19/24 MP: 4/7
  2700 | D:3      | Found a runed translucent gate.
  3268 | D:3      | Found a runed translucent gate.
  3269 | D:3      | Found a runed translucent gate.
  3383 | D:3      | Noticed ratmeat3's ghost (amateur OpFi)
  3547 | D:4      | Reached skill level 6 in Stealth
  3547 | D:4      | Reached XP level 5. HP: 28/28 MP: 8/8
  3894 | D:4      | Found a stormy altar of Qazlal.
  3894 | D:4      | Noticed a sky beast
  3896 | D:4      | Noticed Dowan
  3897 | D:4      | Noticed Duvessa
  3898 | D:4      | Killed a sky beast
  3899 | D:4      | Reached XP level 6. HP: 32/32 MP: 6/9
  3945 | D:4      | Killed Duvessa
  3946 | D:4      | Reached skill level 7 in Stealth
  3963 | D:4      | Killed Dowan
  3964 | D:4      | Reached skill level 5 in Short Blades
  3964 | D:4      | Reached skill level 5 in Dodging
  3964 | D:4      | Reached XP level 7. HP: 15/36 MP: 0/10
  4357 | D:5      | Entered Level 5 of the Dungeon
  5246 | D:5      | Killed from afar by a white imp

Illustrated notes

Levels and vault maps discovered:
D:1:      lemuel_arrival_muddy, layout_loops_corners,
          chequers_serial_rivers_micro_b, nicolae_hexahallways,
          nicolae_twisty_statue_hallways
D:2:      layout_basic, ebering_ecumenical_altar_sacrificial
D:3:      layout_loops_ring, biasface_ghost_orc_armoury, grunt_ministairs_4
D:4:      layout_basic, nicolae_qazlal_beasts_of_the_sky, st_stairs_4,
          uniq_duvessa
D:5:      layout_rooms

Skill      XL: |  1  2  3  4  5  6 |
---------------+-------------------+-----
Short Blades   | 2 3 4 5 |  5.6
Stealth        | 5 6 7 |  7.8
Dodging        | 3 4 5 |  5.6
Spellcasting   | |  2.1
Hexes          | |  3.0

Action                     |  1- 3 |  4- 6 |  7- 9 || total
---------------------------+-------+-------+-------++-------
  Melee: Dagger            |    61 |    68 |    36 ||   165
         Short sword       |       |       |    13 ||    13
   Cast: Ensorcelled Hiber |     7 |    20 |    18 ||    45
    Use: Scroll            |     1 |     3 |     1 ||     5
         Potion            |       |     1 |       ||     1
   Stab: Sleeping          |    27 |    23 |    15 ||    65
         Distracted        |     1 |       |       ||     1
         Invisible         |       |     2 |       ||     2
 Armour: Robe              |    15 |    17 |    21 ||    53
  Dodge: Dodged            |    22 |    37 |    28 ||    87

Table legend: (Time is in decaauts)
 A = Elapsed time spent in this place.
 B = Non-inter-level travel time spent in this place.
 C = Inter-level travel time spent in this place.
 D = Time resting spent in this place.
 E = Time spent auto-exploring this place.
 F = Levels seen in this place.
 G = Mean time per level.
                   A        B        C        D        E       F      G
               +--------+--------+--------+--------+--------+-----+--------+
         Total |   5217 |   4961 |    256 |    175 |   4125 |   5 | 1043.4 |
       Dungeon |   5217 |   4961 |    256 |    175 |   4125 |   5 | 1043.4 |
               +--------+--------+--------+--------+--------+-----+--------+

Top non-repeatable levels by time:
     D:1: 1268 daAuts
     D:2: 1203 daAuts
     D:4: 958 daAuts
     D:3: 938 daAuts
     D:5: 848 daAuts
